BSA
BAFFIN ISLAND BEAVERS @ ORLANDO CALRISSIAN
07/26/2027
 
TOP OF THE 1ST
Baffin Island Beavers batting - Pitching for Orlando Calrissian : RHP Reagan Wear
Pitching: RHP Reagan Wear
Batting: LHB Chris Bates 0-0: Called Strike
0-1: Called Strike
0-2: SINGLE (Line Drive, 7S)
Batting: SHB Alonso Ferreira 0-0: Ball
1-0: Swinging Strike
1-1: Foul Ball, location: 2F
1-2: Ball
2-2: Ball
3-2: Ground out 6-3 (Groundball, 6MS)
Chris Bates to second
Batting: LHB Lorenzo Villa 0-0: Called Strike
0-1: Ball
1-1: Ball
2-1: Ground out U3 (Groundball, 34)
Chris Bates to third
Batting: RHB Tony Morton 0-0: Swinging Strike
0-1: Called Strike
0-2: Strikes out swinging
Top of the 1st over - 0 run(s), 1 hit(s), 0 error(s), 1 left on base; Baffin Island 0 - Orlando 0
BOTTOM OF THE 1ST
Orlando Calrissian batting - Pitching for Baffin Island Beavers : RHP Jesse Little
Pitching: RHP Jesse Little
Batting: RHB Raúl Canó 0-0: Called Strike
0-1: Called Strike
0-2: Ball
1-2: Ball
2-2: Ground out 6-3 (Groundball, 6)
Batting: SHB Jaime Montés 0-0: SINGLE (Line Drive, 6MD)
Batting: RHB Rich Anderson 0-0: Called Strike
0-1: 2-RUN HOME RUN (Flyball, 89XD), Distance : 391 ft
Batting: LHB Santiago Márquez 0-0: Called Strike
0-1: Ball
1-1: Ball
2-1: Foul Ball, location: 2F
2-2: Fly out, F7 (Flyball, 78S)
Batting: RHB José Pérez 0-0: SINGLE (Flyball, 7LS)
Batting: RHB Pepe González 0-0: SINGLE (Groundball, 34D)
José Pérez to second
Runner from 2nd tries for 3rd, SAFE, throw made to third
Pepe González to second
Batting: RHB Frederico Hernández 0-0: Called Strike
0-1: Foul Ball, location: 2F
0-2: Ball
1-2: Foul Ball, location: 2F
1-2: Ball
2-2: Ball
3-2: Foul Ball, location: 2F
3-2: Foul Ball, location: 2F
3-2: Base on Balls
Batting: RHB John Moore 0-0: Ball
1-0: Ball
2-0: Called Strike
2-1: Fielders Choice at 2nd, 4-6 (Groundball, 4)
Bottom of the 1st over - 2 run(s), 4 hit(s), 0 error(s), 2 left on base; Baffin Island 0 - Orlando 2
TOP OF THE 2ND
Baffin Island Beavers batting - Pitching for Orlando Calrissian : RHP Reagan Wear
Batting: LHB Mario García 0-0: Ball
1-0: Ball
2-0: Ball
3-0: Called Strike
3-1: Foul Ball, location: 2F
3-2: Ground out 4-3 (Groundball, 4)
Batting: RHB Dave Craig 0-0: Ball
1-0: Swinging Strike
1-1: Swinging Strike
1-2: Ball
2-2: Ball
3-2: Foul Ball, location: 2F
3-2: Fly out, F8 (Flyball, 89M)
Batting: LHB Mike MacFadden 0-0: Ball
1-0: Called Strike
1-1: SOLO HOME RUN (Flyball, 89XD), Distance : 405 ft
Batting: LHB Howard Evans 0-0: Ball
1-0: Called Strike
1-1: Called Strike
1-2: Strikes out swinging
Top of the 2nd over - 1 run(s), 1 hit(s), 0 error(s), 0 left on base; Baffin Island 1 - Orlando 2
BOTTOM OF THE 2ND
Orlando Calrissian batting - Pitching for Baffin Island Beavers : RHP Jesse Little
Batting: SHB Brian Price 0-0: Ground out 3-1 (Groundball, 34)
Batting: RHB Raúl Canó 0-0: Foul Ball, location: 2F
0-1: Hit by Pitch
Batting: SHB Jaime Montés 0-0: Called Strike
0-1: Foul Ball, location: 2F
0-2: Strikes out swinging
Batting: RHB Rich Anderson 0-0: Called Strike
0-1: Ball
Raúl Canó steals 2nd base
1-1: Fly out, F3 (Popup, 3)
Bottom of the 2nd over - 0 run(s), 0 hit(s), 0 error(s), 1 left on base; Baffin Island 1 - Orlando 2
TOP OF THE 3RD
Baffin Island Beavers batting - Pitching for Orlando Calrissian : RHP Reagan Wear
Batting: LHB Norberto Muñóz 0-0: Ball
1-0: Foul Ball, location: 2F
1-1: Bunted foul
1-2: Ball
2-2: Strikes out swinging
Batting: LHB Chris Bates 0-0: Ball
1-0: Called Strike
1-1: Ground out 4-3 (Groundball, 4)
Batting: SHB Alonso Ferreira 0-0: Foul Ball, location: 2F
0-1: Ground out 4-3 (Groundball, 34)
Top of the 3rd over - 0 run(s), 0 hit(s), 0 error(s), 0 left on base; Baffin Island 1 - Orlando 2
BOTTOM OF THE 3RD
Orlando Calrissian batting - Pitching for Baffin Island Beavers : RHP Jesse Little
Batting: LHB Santiago Márquez 0-0: Ball
1-0: Ball
2-0: Swinging Strike
2-1: Ball
3-1: Foul Ball, location: 2F
3-2: Foul Ball, location: 2F
3-2: Fly out, F3 (Line Drive, 34)
Batting: RHB José Pérez 0-0: Ball
1-0: Ball
2-0: SINGLE (Groundball, 4MD)
Batting: RHB Pepe González 0-0: Ball
1-0: Ball
José Pérez steals 2nd base
2-0: Ball
3-0: Called Strike
3-1: Base on Balls
Batting: RHB Frederico Hernández 0-0: Called Strike
0-1: Foul Ball, location: 2F
0-2: Fly out, F7 (Flyball, 7)
Batting: RHB John Moore 0-0: Foul Ball, location: 2F
0-1: Foul Ball, location: 2F
0-2: Ball
1-2: Foul Ball, location: 2F
1-2: Fly out, F8 (Flyball, 89S)
Bottom of the 3rd over - 0 run(s), 1 hit(s), 0 error(s), 2 left on base; Baffin Island 1 - Orlando 2
TOP OF THE 4TH
Baffin Island Beavers batting - Pitching for Orlando Calrissian : RHP Reagan Wear
Batting: LHB Lorenzo Villa 0-0: Called Strike
0-1: Called Strike
0-2: Foul Ball, location: 2F
0-2: Ball
1-2: Ball
2-2: Ball
3-2: SOLO HOME RUN (Flyball, 89XD), Distance : 398 ft
Batting: RHB Tony Morton 0-0: Called Strike
0-1: Foul Ball, location: 2F
0-2: Strikes out swinging
Batting: LHB Mario García 0-0: Called Strike
0-1: Ball
1-1: Ball
2-1: Ball
3-1: Base on Balls
Batting: RHB Dave Craig 0-0: Called Strike
0-1: Ball
1-1: Ball
2-1: SINGLE (Line Drive, 78S)
Mario García to second
Batting: LHB Mike MacFadden 0-0: Grounds into double play, 5-4-3 (Groundball, 56)
Top of the 4th over - 1 run(s), 2 hit(s), 0 error(s), 1 left on base; Baffin Island 2 - Orlando 2
BOTTOM OF THE 4TH
Orlando Calrissian batting - Pitching for Baffin Island Beavers : RHP Jesse Little
Batting: SHB Brian Price 0-0: Ball
1-0: Called Strike
1-1: Ball
2-1: Ground out 6-3 (Groundball, 6)
Batting: RHB Raúl Canó 0-0: Ball
1-0: Foul Ball, location: 2F
1-1: Fly out, F4 (Popup, 4D)
Batting: SHB Jaime Montés 0-0: Ball
1-0: Ball
2-0: Ball
3-0: Base on Balls
Batting: RHB Rich Anderson 0-0: Swinging Strike
0-1: Foul Ball, location: 2F
0-2: Foul Ball, location: 2F
0-2: Ball
1-2: Foul Ball, location: 2F
1-2: Ball
2-2: Ball
3-2: Fly out, F5 (Popup, 5S)
Bottom of the 4th over - 0 run(s), 0 hit(s), 0 error(s), 1 left on base; Baffin Island 2 - Orlando 2
TOP OF THE 5TH
Baffin Island Beavers batting - Pitching for Orlando Calrissian : RHP Reagan Wear
Batting: LHB Howard Evans 0-0: Ball
1-0: Swinging Strike
1-1: Foul Ball, location: 2F
1-2: Strikes out swinging
Batting: LHB Norberto Muñóz 0-0: Called Strike
0-1: Ball
1-1: Ball
2-1: Foul Ball, location: 2F
2-2: Ball
3-2: Foul Ball, location: 2F
3-2: Foul Ball, location: 2F
3-2: Fly out, F9 (Flyball, 9)
Batting: LHB Chris Bates 0-0: Foul Ball, location: 2F
0-1: Fly out, F8 (Flyball, 8RXD)
Top of the 5th over - 0 run(s), 0 hit(s), 0 error(s), 0 left on base; Baffin Island 2 - Orlando 2
BOTTOM OF THE 5TH
Orlando Calrissian batting - Pitching for Baffin Island Beavers : RHP Jesse Little
Batting: LHB Santiago Márquez 0-0: Ball
1-0: Ball
2-0: Called Strike
2-1: Foul Ball, location: 2F
2-2: Foul Ball, location: 2F
2-2: Ball
3-2: Fly out, F8 (Flyball, 78S)
Batting: RHB José Pérez 0-0: Ball
1-0: Called Strike
1-1: DOUBLE (Flyball, 89D)
Batting: RHB Pepe González 0-0: Called Strike
0-1: Ball
1-1: Called Strike
José Pérez steals 3rd base
1-2: Ground out 6-3 (Groundball, 56)
José Pérez scores
Batting: RHB Frederico Hernández 0-0: Called Strike
0-1: Ball
1-1: SINGLE (Groundball, 6) (infield hit)
Batting: RHB John Moore 0-0: Called Strike
0-1: Fly out, F9 (Flyball, 9)
Bottom of the 5th over - 1 run(s), 2 hit(s), 0 error(s), 1 left on base; Baffin Island 2 - Orlando 3
TOP OF THE 6TH
Baffin Island Beavers batting - Pitching for Orlando Calrissian : RHP Reagan Wear
Batting: SHB Alonso Ferreira 0-0: Ball
1-0: Called Strike
1-1: Foul Ball, location: 2F
1-2: Foul Ball, location: 2F
1-2: Foul Ball, location: 2F
1-2: Ball
2-2: Fly out, F7 (Line Drive, 7S)
Batting: LHB Lorenzo Villa 0-0: Swinging Strike
0-1: Ball
1-1: Swinging Strike
1-2: Foul Ball, location: 2F
1-2: Ground out U3 (Groundball, 3)
Batting: RHB Tony Morton 0-0: Called Strike
0-1: Fly out, F9 (Flyball, 9)
Top of the 6th over - 0 run(s), 0 hit(s), 0 error(s), 0 left on base; Baffin Island 2 - Orlando 3
BOTTOM OF THE 6TH
Orlando Calrissian batting - Pitching for Baffin Island Beavers : RHP Jesse Little
Pitching: RHP Colm Stewart
Batting: SHB Brian Price 0-0: Foul Ball, location: 2F
0-1: Ground out 4-3 (Groundball, 4D)
Batting: RHB Raúl Canó 0-0: Ball
1-0: Ball
2-0: Called Strike
2-1: Ball
3-1: Base on Balls
Batting: SHB Jaime Montés 0-0: Ball
1-0: Foul Ball, location: 2F
1-1: Ground out 4-3 (Groundball, 4S)
Raúl Canó to second
Batting: RHB Rich Anderson 0-0: Ball
1-0: Foul Ball, location: 2F
1-1: Called Strike
1-2: Foul Ball, location: 2F
1-2: Fly out, F7 (Flyball, 7S)
Bottom of the 6th over - 0 run(s), 0 hit(s), 0 error(s), 1 left on base; Baffin Island 2 - Orlando 3
TOP OF THE 7TH
Baffin Island Beavers batting - Pitching for Orlando Calrissian : RHP Reagan Wear
Batting: LHB Mario García 0-0: Called Strike
0-1: Ball
1-1: Called Strike
1-2: Strikes out swinging
Batting: RHB Dave Craig 0-0: Ball
1-0: Called Strike
1-1: Ball
2-1: Foul Ball, location: 2F
2-2: Ball
3-2: Ground out 4-3 (Groundball, 4)
Batting: LHB Mike MacFadden 0-0: Called Strike
0-1: Called Strike
0-2: Ball
1-2: Ball
2-2: Foul Ball, location: 2F
2-2: Strikes out swinging
Top of the 7th over - 0 run(s), 0 hit(s), 0 error(s), 0 left on base; Baffin Island 2 - Orlando 3
BOTTOM OF THE 7TH
Orlando Calrissian batting - Pitching for Baffin Island Beavers : RHP Colm Stewart
Batting: LHB Santiago Márquez 0-0: Ball
1-0: Foul Ball, location: 2F
1-1: SINGLE (Line Drive, 78S)
Pinch Hitting: SHB Cristo Ontiveros Pickoff Throw to First - Out!
0-0: Ball
1-0: Ball
2-0: Called Strike
2-1: Swinging Strike
2-2: Ball
3-2: Fly out, F8 (Flyball, 8RS)
Batting: RHB Pepe González 0-0: Called Strike
0-1: Fly out, F4 (Line Drive, 4)
Bottom of the 7th over - 0 run(s), 1 hit(s), 0 error(s), 0 left on base; Baffin Island 2 - Orlando 3
TOP OF THE 8TH
Baffin Island Beavers batting - Pitching for Orlando Calrissian : RHP Reagan Wear
Now in LF: Cristo Ontiveros
Batting: LHB Howard Evans 0-0: Ball
1-0: Called Strike
1-1: Ground out 6-3 (Groundball, 6)
Pitching: RHP Dave Heath
Batting: LHB Norberto Muñóz 0-0: Ball
1-0: Ball
2-0: Called Strike
2-1: Ball
3-1: Called Strike
3-2: Base on Balls
Pitching: LHP Keith Jennings
Batting: LHB Chris Bates 0-0: Ball
1-0: Ball
2-0: Foul Ball, location: 2F
2-1: Ball
Passed Ball!
Norberto Muñóz to second
3-1: Base on Balls
Batting: SHB Alonso Ferreira 0-0: Foul Ball, location: 2F
0-1: Ball
1-1: Ball
2-1: Foul Ball, location: 2F
2-2: Ball
3-2: Foul Ball, location: 2F
3-2: Base on Balls
Norberto Muñóz to third
Chris Bates to second
Batting: LHB Lorenzo Villa 0-0: Fly out, F9 (Flyball, 89M)
Runner from 3rd tags up, SCORES, throw made
Batting: RHB Tony Morton 0-0: Ball
1-0: Ball
2-0: Ball
Wild Pitch!
Chris Bates to third
Alonso Ferreira to second
3-0: Called Strike
3-1: Foul Ball, location: 2F
3-2: Fly out, F8 (Flyball, 89S)
Top of the 8th over - 1 run(s), 0 hit(s), 0 error(s), 2 left on base; Baffin Island 3 - Orlando 3
BOTTOM OF THE 8TH
Orlando Calrissian batting - Pitching for Baffin Island Beavers : RHP Colm Stewart
Batting: RHB Frederico Hernández 0-0: Ball
1-0: Ball
2-0: Swinging Strike
2-1: Ball
3-1: Foul Ball, location: 2F
3-2: Foul Ball, location: 2F
3-2: Foul Ball, location: 2F
3-2: Strikes out swinging
Pinch Hitting: LHB Danny Allen 0-0: Foul Ball, location: 2F
0-1: Ball
1-1: Foul Ball, location: 2F
1-2: Ground out U3 (Groundball, 34)
Batting: SHB Brian Price 0-0: Fly out, F7 (Flyball, 7LMF)
Bottom of the 8th over - 0 run(s), 0 hit(s), 0 error(s), 0 left on base; Baffin Island 3 - Orlando 3
TOP OF THE 9TH
Baffin Island Beavers batting - Pitching for Orlando Calrissian : LHP Keith Jennings
Pitching: LHP Xavier Velázquez
Now at 2B: Enrique Bermúdez
Pinch Hitting: RHB Raúl Soto 0-0: Ball
1-0: Swinging Strike
1-1: Swinging Strike
1-2: Strikes out swinging
Batting: RHB Dave Craig 0-0: Ball
1-0: Foul Ball, location: 2F
1-1: Called Strike
1-2: Ground out 1-3 (Groundball, P)
Batting: LHB Mike MacFadden 0-0: Ball
1-0: Foul Ball, location: 2F
1-1: Swinging Strike
1-2: Foul Ball, location: 2F
1-2: Foul Ball, location: 2F
1-2: Ground out 6-3 (Groundball, 6M)
Top of the 9th over - 0 run(s), 0 hit(s), 0 error(s), 0 left on base; Baffin Island 3 - Orlando 3
BOTTOM OF THE 9TH
Orlando Calrissian batting - Pitching for Baffin Island Beavers : RHP Colm Stewart
Now in RF: Raúl Soto
Batting: RHB Raúl Canó 0-0: SINGLE (Line Drive, 8LS)
Batting: SHB Jaime Montés 0-0: Called Strike
Raúl Canó steals 2nd base
0-1: Ball
1-1: Foul Ball, location: 2F
1-2: Ball
2-2: Ball
3-2: Foul Ball, location: 2F
3-2: Ground out 6-3 (Groundball, 6)
Batting: RHB Rich Anderson 0-0: Ball
1-0: Called Strike
1-1: Foul Ball, location: 2F
1-2: Ball
2-2: Foul Ball, location: 2F
2-2: Ball
3-2: Base on Balls
Pitching: RHP Luis Féliz
Batting: LHB Santiago Márquez 0-0: Foul Ball, location: 2F
0-1: Foul Ball, location: 2F
0-2: Strikes out looking
Batting: SHB Cristo Ontiveros 0-0: Fly out, F8 (Flyball, 8RM)
Bottom of the 9th over - 0 run(s), 1 hit(s), 0 error(s), 2 left on base; Baffin Island 3 - Orlando 3
TOP OF THE 10TH
Baffin Island Beavers batting - Pitching for Orlando Calrissian : LHP Xavier Velázquez
Pinch Hitting: LHB Keng-chi Lao 0-0: Fly out, F7 (Flyball, 7D)
Batting: LHB Norberto Muñóz 0-0: Ball
1-0: Ball
2-0: Foul Ball, location: 2F
2-1: Fly out, F8 (Flyball, 8LS)
Batting: LHB Chris Bates 0-0: Called Strike
0-1: Ground out 1-3 (Groundball, 13)
Top of the 10th over - 0 run(s), 0 hit(s), 0 error(s), 0 left on base; Baffin Island 3 - Orlando 3
BOTTOM OF THE 10TH
Orlando Calrissian batting - Pitching for Baffin Island Beavers : RHP Luis Féliz
Now at 3B: Keng-chi Lao
Batting: RHB Pepe González 0-0: Foul Ball, location: 2F
0-1: Ball
1-1: Foul Ball, location: 2F
1-2: Ground out 5-3 (Groundball, 56)
Batting: RHB Frederico Hernández 0-0: Ball
1-0: Foul Ball, location: 2F
1-1: Ball
2-1: SINGLE (Line Drive, 4MD)
Batting: RHB Enrique Bermúdez 0-0: Ball
1-0: Foul Ball, location: 2F
1-1: Ball
2-1: Called Strike
2-2: Strikes out swinging
Batting: SHB Brian Price 0-0: Ball
1-0: Called Strike
1-1: Ground out U3 (Groundball, 34)
Bottom of the 10th over - 0 run(s), 1 hit(s), 0 error(s), 1 left on base; Baffin Island 3 - Orlando 3
TOP OF THE 11TH
Baffin Island Beavers batting - Pitching for Orlando Calrissian : LHP Xavier Velázquez
Pitching: LHP Clarence Skerratt
Batting: SHB Alonso Ferreira 0-0: Ground out 5-3 (Groundball, 5)
Batting: LHB Lorenzo Villa 0-0: Ground out 4-3 (Groundball, 34D)
Batting: RHB Tony Morton 0-0: Foul Ball, location: 2F
0-1: Ball
1-1: Called Strike
1-2: Ground out 5-3 (Groundball, 56)
Top of the 11th over - 0 run(s), 0 hit(s), 0 error(s), 0 left on base; Baffin Island 3 - Orlando 3
BOTTOM OF THE 11TH
Orlando Calrissian batting - Pitching for Baffin Island Beavers : RHP Luis Féliz
Batting: RHB Raúl Canó 0-0: Ball
1-0: Called Strike
1-1: Foul Ball, location: 2F
1-2: Strikes out looking
Batting: SHB Jaime Montés 0-0: Fly out, F8 (Flyball, 8RM)
Batting: RHB Rich Anderson 0-0: Swinging Strike
0-1: Called Strike
0-2: Ball
1-2: Foul Ball, location: 2F
1-2: Ball
2-2: Fly out, F8 (Flyball, 78D)
Bottom of the 11th over - 0 run(s), 0 hit(s), 0 error(s), 0 left on base; Baffin Island 3 - Orlando 3
TOP OF THE 12TH
Baffin Island Beavers batting - Pitching for Orlando Calrissian : LHP Clarence Skerratt
Batting: RHB Raúl Soto 0-0: Ball
1-0: Ball
2-0: Ball
3-0: Called Strike
3-1: Called Strike
3-2: Base on Balls
Batting: RHB Dave Craig 0-0: Foul Ball, location: 2F
0-1: Ball
1-1: Swinging Strike
1-2: Foul Ball, location: 2F
1-2: Ball
2-2: Foul Ball, location: 2F
2-2: Ball
3-2: Base on Balls
Raúl Soto to second
Batting: LHB Mike MacFadden 0-0: Sac Bunt - play at first, batter OUT! 1-4
Raúl Soto to third
Dave Craig to second
Batting: LHB Keng-chi Lao 0-0: Ball
1-0: Ball
2-0: Called Strike
2-1: Ball
3-1: Called Strike
3-2: Fly out, F7 (Line Drive, 78S)
Runner from 3rd tags up, SCORES, no throw
Batting: LHB Norberto Muñóz 0-0: Called Strike
0-1: Foul Ball, location: 2F
0-2: Ball
1-2: Foul Ball, location: 2F
1-2: Fly out, F2 (Popup, 3S)
Top of the 12th over - 1 run(s), 0 hit(s), 0 error(s), 1 left on base; Baffin Island 4 - Orlando 3
BOTTOM OF THE 12TH
Orlando Calrissian batting - Pitching for Baffin Island Beavers : RHP Luis Féliz
Pitching: LHP Edgardo Guzmán
Batting: LHB Santiago Márquez 0-0: Ball
1-0: Swinging Strike
1-1: SOLO HOME RUN (Flyball, 8RXD), Distance : 414 ft
Batting: SHB Cristo Ontiveros 0-0: SOLO HOME RUN (Flyball, 7LD), Distance : 362 ft
Thursday, March 30th, 2017 - OOTP Baseball 17.12 Build 75